[Event "Titled Tuesday Blitz August 22 Late 2023"]
[White "Filipascu"]
[Black "Serban, Cristian-Stefan"]
[BlackFideId "1241443"]
[WhiteElo "2648"]
[BlackElo "2457"]
[Result "1-0"]
[Round "3"]
[TimeControl "180+1"]
[Date "2023.08.22"]
[WhiteClock "0:01:34"]
[BlackClock "0:00:00"]
[Board "95"]

1. c4 Nf6 2. Nc3 g6 3. d4 Bg7 4. e4 d6 5. Nf3 O-O 6. h3 e5 7. d5 Na6 8. Bd3 Nc5 9. Bc2 a5 10. O-O Nh5 11. Rb1 Nf4 12. Re1 f5 13. Bxf4 exf4 14. exf5 Bxf5 15. Bxf5 Rxf5 16. Qd2 Qf8 17. Re2 Re8 18. Rbe1 Rxe2 19. Rxe2 c6 20. dxc6 bxc6 21. Ne4 Nxe4 22. Rxe4 g5 23. Re6 Be5 24. Nxe5 dxe5 25. Qxa5 e4 26. Qc7 e3 27. Qxc6 exf2+ 28. Kxf2 1-0


[Site "https://www.chess.com"]

[Event "Titled Tuesday Blitz August 22 Late 2023"]
[White "Blackburn, Jonathan L B"]
[Black "Godzwon, Iwo"]
[WhiteFideId "1801090"]
[BlackFideId "21802483"]
[WhiteElo "2455"]
[BlackElo "2645"]
[Result "0-1"]
[Round "3"]
[TimeControl "180+1"]
[Date "2023.08.22"]
[WhiteClock "0:00:47"]
[BlackClock "0:01:23"]
[Board "96"]

1. d4 Nf6 2. c4 g6 3. Nc3 d5 4. cxd5 Nxd5 5. e4 Nxc3 6. bxc3 Bg7 7. Bc4 c5 8. Ne2 O-O 9. O-O b6 10. Be3 Qc7 11. Bf4 e5 12. Bg3 Bb7 13. d5 Nd7 14. a4 Qd6 15. f3 f5 16. Qb3 Nf6 17. Bd3 Rac8 18. c4 Bh6 19. Bc2 Nh5 20. Bf2 Rb8 21. Qb5 a6 22. Qb3 a5 23. Rab1 Ba6 24. Nc3 Bd2 25. Rbd1 Bxc3 26. Qxc3 Nf4 27. exf5 Ne2+ 0-1


[Site "https://www.chess.com"]

[Event "Titled Tuesday Blitz August 22 Late 2023"]
[White "Mendez Fortes, Eduardo Jesus"]
[Black "Sernecki, Franciszek"]
[WhiteFideId "3502376"]
[BlackFideId "1169297"]
[WhiteElo "2640"]
[BlackElo "2449"]
[Result "1-0"]
[Round "3"]
[TimeControl "180+1"]
[Date "2023.08.22"]
[WhiteClock "0:00:14"]
[BlackClock "0:00:13"]
[Board "97"]

1. e4 Nf6 2. e5 Nd5 3. d4 d6 4. Nf3 dxe5 5. Nxe5 c6 6. Qf3 Be6 7. c3 Nd7 8. Nd3 N7f6 9. Nc5 Bc8 10. h3 b6 11. Nb3 Bb7 12. Be2 e6 13. O-O Qc7 14. c4 Nb4 15. Bf4 Bd6 16. Bxd6 Qxd6 17. Nc3 O-O 18. a3 Na6 19. Rfd1 Rab8 20. c5 Qe7 21. Bxa6 Bxa6 22. Qxc6 Rfc8 23. Qa4 bxc5 24. Nxc5 Bb7 25. Qxa7 Ne8 26. b4 Nd6 27. Qa4 Bc6 28. Qc2 Qg5 29. f4 Qxf4 30. Qf2 Qg5 31. Rf1 Nf5 32. d5 Ba8 33. N3e4 Qg6 34. dxe6 fxe6 35. Kh2 Rf8 36. Qf4 Nd4 37. Qg4 Qxg4 38. hxg4 Nc2 39. Rxf8+ Rxf8 40. Ra2 Ne3 41. Nd6 Nxg4+ 42. Kg3 Ne3 43. b5 Nf5+ 44. Nxf5 Rxf5 45. Rc2 Rg5+ 46. Kf4 Rxg2 47. Rxg2 Bxg2 48. a4 h5 49. b6 h4 50. a5 g5+ 51. Kg4 h3 52. Kg3 e5 53. a6 e4 54. b7 e3 55. b8=Q+ Kg7 56. Qe5+ Kg6 57. Qxe3 g4 58. Kh2 g3+ 59. Qxg3+ 1-0


[Site "https://www.chess.com"]

[Event "Titled Tuesday Blitz August 22 Late 2023"]
[White "Bazilius, Augustinas"]
[Black "Turayev, Shahruh"]
[WhiteFideId "12832251"]
[BlackFideId "14003856"]
[WhiteElo "2447"]
[BlackElo "2633"]
[Result "0-1"]
[Round "3"]
[TimeControl "180+1"]
[Date "2023.08.22"]
[WhiteClock "0:00:00"]
[BlackClock "0:00:21"]
[Board "98"]

1. d4 Nf6 2. c4 c5 3. d5 b5 4. cxb5 a6 5. e3 axb5 6. Bxb5 Qa5+ 7. Nc3 Bb7 8. Bd2 Qb6 9. a4 Nxd5 10. Nf3 e6 11. O-O Be7 12. e4 Nb4 13. Ne5 O-O 14. Qg4 Bf6 15. Nc4 Qd8 16. e5 Be7 17. Bh6 g6 18. Bxf8 Qxf8 19. Nb6 Ra7 20. Rad1 N4c6 21. Qg3 Nd4 22. Qe3 d5 23. exd6 Bxd6 24. Ne2 Nf5 25. Qc3 Na6 26. Nd7 Qh6 27. Nf6+ Kf8 28. Ng3 Be7 29. Ng4 Qg7 30. Qxg7+ Kxg7 31. Nxf5+ gxf5 32. Ne3 Be4 33. f3 Ba8 34. Nc4 Bf6 35. Rd7 Bd4+ 0-1


[Site "https://www.chess.com"]

[Event "Titled Tuesday Blitz August 22 Late 2023"]
[White "Jakubowski, Krzysztof"]
[Black "Rangel, Daniel"]
[WhiteFideId "1112848"]
[BlackFideId "2124475"]
[WhiteElo "2632"]
[BlackElo "2447"]
[Result "0-1"]
[Round "3"]
[TimeControl "180+1"]
[Date "2023.08.22"]
[WhiteClock "0:00:00"]
[BlackClock "0:00:09"]
[Board "99"]

1. e4 c5 2. Nf3 g6 3. d4 cxd4 4. Nxd4 Bg7 5. c4 Nc6 6. Be3 Nf6 7. Nc3 O-O 8. Be2 Nxd4 9. Bxd4 d6 10. O-O Bd7 11. Qd3 Bc6 12. Kh1 Nd7 13. Bxg7 Kxg7 14. f4 a5 15. Nd5 Nc5 16. Qe3 Bxd5 17. exd5 Qb6 18. b3 a4 19. b4 Qxb4 20. Rab1 Qa5 21. f5 Qc7 22. Rf3 f6 23. fxg6 hxg6 24. Rg3 Nd7 25. Bd3 Ne5 26. Rf1 Rh8 27. Rf4 Rh6 28. h3 Rah8 29. Qe4 Qb6 30. Kh2 Qb2 31. Rfg4 f5 32. Qxf5 Nxg4+ 33. Qxg4 Qe5 34. Bxg6 Kf8 35. Bd3 Rh4 36. Qg6 R4h6 37. Qg4 Rh4 38. Qf3+ Ke8 39. Kg1 Qd4+ 40. Kh2 Qe5 41. Kg1 Rf8 0-1


[Site "https://www.chess.com"]

[Event "Titled Tuesday Blitz August 22 Late 2023"]
[White "Onthequiet"]
[Black "OPQRC"]
[WhiteElo "2443"]
[BlackElo "2631"]
[Result "0-1"]
[Round "3"]
[TimeControl "180+1"]
[Date "2023.08.22"]
[WhiteClock "0:00:02"]
[BlackClock "0:00:07"]
[Board "100"]

1. d4 c6 2. Nf3 g6 3. Bg5 Bg7 4. c3 d6 5. Nbd2 h6 6. Bh4 Nd7 7. h3 Qc7 8. Bg3 Ngf6 9. e4 O-O 10. Be2 e5 11. dxe5 Nxe5 12. Nxe5 dxe5 13. O-O Be6 14. Re1 Rad8 15. Qc2 Rfe8 16. b3 Bc8 17. Rad1 b5 18. Nf1 Bf8 19. Ne3 Bc5 20. Bf3 a5 21. Qc1 Kg7 22. Bh4 g5 23. Bg3 Ng8 24. Bg4 Bxg4 25. Nxg4 f6 26. Ne3 Ne7 27. Qc2 Rxd1 28. Nxd1 Ng6 29. Ne3 Bxe3 30. fxe3 Rd8 31. Rd1 Rd6 32. Be1 Qd7 33. Rxd6 Qxd6 34. c4 b4 35. c5 Qd7 36. a3 bxa3 37. Bxa5 h5 38. Bc3 g4 39. hxg4 Qxg4 40. Qd2 Nh4 41. Qf2 Kg6 42. Be1 f5 43. exf5+ Nxf5 44. Bc3 Qd1+ 45. Kh2 Qd5 46. Qe2 Qe4 47. Ba1 Nxe3 48. Qf3 Qxf3 49. gxf3 Nc2 50. Bxe5 a2 51. Kh3 Kf5 52. Bg7 a1=Q 53. Bxa1 Nxa1 54. b4 Nb3 55. b5 cxb5 56. c6 Ke6 57. c7 Kd7 58. f4 Nd4 59. Kh4 b4 60. Kxh5 b3 61. Kg6 b2 62. f5 b1=Q 63. Kg7 Nxf5+ 0-1


[Site "https://www.chess.com"]

[Event "Titled Tuesday Blitz August 22 Late 2023"]
[White "Carroll, Thomas"]
[Black "Omelja, Artem"]
[WhiteFideId "450111"]
[BlackFideId "14119846"]
[WhiteElo "2443"]
[BlackElo "2620"]
[Result "0-1"]
[Round "3"]
[TimeControl "180+1"]
[Date "2023.08.22"]
[WhiteClock "0:00:20"]
[BlackClock "0:00:07"]
[Board "101"]

1. c4 c6 2. d4 d5 3. cxd5 cxd5 4. Bf4 Nf6 5. e3 Nc6 6. Nc3 Bf5 7. Nf3 e6 8. Ne5 Bb4 9. Qb3 O-O 10. Nxc6 Bxc3+ 11. bxc3 bxc6 12. h3 Qa5 13. Be2 Ne4 14. Rc1 c5 15. f3 c4 16. Qb2 Nf6 17. g4 Bg6 18. h4 h5 19. gxh5 Nxh5 20. Be5 Rfe8 21. Kf2 f6 22. Bh2 e5 23. f4 exf4 24. Bxf4 Nxf4 25. exf4 Qc7 26. Qd2 Re4 27. Kg3 Rae8 28. Bf3 Re3 29. Rhe1 Rd3 30. Rxe8+ Bxe8 31. Qe2 Bh5 32. Rf1 Qd7 33. Kg2 Bxf3+ 34. Rxf3 Qg4+ 35. Kf2 Qxh4+ 36. Kg2 Qg4+ 37. Kf2 Rxf3+ 38. Qxf3 Qxf3+ 39. Kxf3 Kf7 40. f5 g6 41. fxg6+ Kxg6 42. Kf4 f5 43. Ke5 Kg5 44. Kxd5 f4 45. Ke4 Kg4 46. d5 f3 47. Ke3 Kg3 48. d6 f2 49. d7 f1=Q 50. d8=Q Qe1+ 51. Kd4 Qd1+ 0-1


[Site "https://www.chess.com"]

[Event "Titled Tuesday Blitz August 22 Late 2023"]
[White "Kim, Sergey"]
[Black "Tsyhanchuk, Stanislav"]
[WhiteFideId "13700570"]
[BlackFideId "13505130"]
[WhiteElo "2617"]
[BlackElo "2443"]
[Result "0-1"]
[Round "3"]
[TimeControl "180+1"]
[Date "2023.08.22"]
[WhiteClock "0:00:42"]
[BlackClock "0:00:06"]
[Board "102"]

1. d4 Nf6 2. c4 e6 3. Nc3 Bb4 4. Qc2 O-O 5. a3 Bxc3+ 6. Qxc3 b6 7. Nf3 Bb7 8. g3 d6 9. Bg2 Nbd7 10. O-O c5 11. dxc5 Nxc5 12. Rd1 Nce4 13. Qc2 Qc7 14. b3 d5 15. Bf4 Qc8 16. Rac1 dxc4 17. Qxc4 Qxc4 18. Rxc4 Ba6 19. Rc2 Rad8 20. Rdc1 h6 21. h3 g5 22. Be5 Rd7 23. Bxf6 Nxf6 24. Ne5 Re7 25. Nc6 Rd7 26. Nb4 Bb7 27. Rc7 Bxg2 28. Kxg2 Rfd8 29. Nd3 Nd5 30. Rc8 f6 31. b4 Kf7 32. b5 Rxc8 33. Rxc8 Ne7 34. Ra8 e5 35. Nb4 Ke6 36. e4 Rc7 37. Re8 Kf7 38. Rh8 Kg7 39. Ra8 Kf7 40. Kf3 h5 41. Kg2 Kg7 42. Kf1 Kf7 43. Ke2 Nc8 44. Nc6 Ke6 45. a4 Kd6 46. Kd3 Kc5 47. Kc3 Kd6 48. Kc4 Ke6 49. Kb4 f5 50. f3 g4 51. hxg4 hxg4 52. exf5+ Kxf5 53. fxg4+ Kxg4 54. Nxe5+ Kxg3 55. Nc6 Kf4 56. a5 bxa5+ 57. Kxa5 Ke4 58. Ka6 Kd5 59. Nxa7 Nd6 60. b6 Rc1 61. Ka5 Ra1+ 62. Kb4 Rb1+ 63. Ka5 Ra1+ 64. Kb4 Rb1+ 65. Ka5 Nc4+ 66. Ka6 Rxb6# 0-1


[Site "https://www.chess.com"]

[Event "Titled Tuesday Blitz August 22 Late 2023"]
[White "Bochnicka, Vladimir"]
[Black "Zarubitski, Viachaslau"]
[WhiteFideId "14943450"]
[BlackFideId "13509373"]
[WhiteElo "2439"]
[BlackElo "2612"]
[Result "0-1"]
[Round "3"]
[TimeControl "180+1"]
[Date "2023.08.22"]
[WhiteClock "0:00:00"]
[BlackClock "0:00:17"]
[Board "103"]

1. e4 e5 2. Nf3 Nf6 3. Nxe5 d6 4. Nf3 Nxe4 5. Nc3 Nxc3 6. dxc3 Be7 7. Bf4 Nc6 8. Qd2 Be6 9. O-O-O Qd7 10. Kb1 O-O-O 11. Bb5 a6 12. Bxc6 Qxc6 13. Nd4 Qd5 14. Nxe6 Qxd2 15. Rxd2 fxe6 16. Re2 e5 17. Bc1 Bf6 18. f3 h5 19. c4 h4 20. h3 Rh5 21. c3 c6 22. Rd1 b5 23. cxb5 axb5 24. Kc2 Kc7 25. b3 Ra8 26. Kb1 d5 27. Be3 Kd6 28. c4 bxc4 29. bxc4 d4 30. f4 Kc5 31. fxe5 Bxe5 32. Bf2 Bf6 33. Re4 Rd8 34. Re6 Rf5 35. Bg1 Re5 36. Rxe5+ Bxe5 37. Re1 Bf6 38. Re6 Kb4 39. Rxc6 Kc3 40. Kc1 Bg5+ 41. Kd1 Rf8 42. Ke1 Bd2+ 43. Kd1 Rf1+ 44. Ke2 Rxg1 45. Rg6 d3+ 46. Kf2 Re1 47. Rxg7 Re8 0-1


[Site "https://www.chess.com"]

[Event "Titled Tuesday Blitz August 22 Late 2023"]
[White "Hilary46"]
[Black "Salazar Farias, Luis German"]
[BlackFideId "3902170"]
[WhiteElo "2611"]
[BlackElo "2436"]
[Result "0-1"]
[Round "3"]
[TimeControl "180+1"]
[Date "2023.08.22"]
[WhiteClock "0:00:02"]
[BlackClock "0:00:06"]
[Board "104"]

1. e4 c6 2. d4 d5 3. e5 Bf5 4. c4 e6 5. Nc3 Ne7 6. Nf3 Nd7 7. cxd5 Nxd5 8. Bd3 Bxd3 9. Qxd3 N7b6 10. O-O Be7 11. Ne4 h6 12. Bd2 O-O 13. Rae1 Rc8 14. g4 c5 15. g5 cxd4 16. Nf6+ gxf6 17. gxf6 Kh8 18. fxe7 Qxe7 19. Kh1 Rg8 20. Rg1 Nd7 21. Bxh6 Nb4 22. Qe4 Nc5 23. Qe2 b6 24. Ng5 Qb7+ 25. f3 Nbd3 26. Rd1 Rg6 27. Rxd3 Nxd3 28. Qxd3 Rxh6 29. Qe4 Qxe4 30. Nxf7+ Kh7 31. fxe4 Rg6 32. Rd1 Rcg8 33. h3 d3 34. h4 Rg3 35. Ng5+ R8xg5 36. hxg5 Kg6 37. Kh2 Re3 38. Kg2 Kxg5 39. Kf2 Kf4 40. Rh1 Re2+ 41. Kf1 Rxb2 42. Rh6 Rb1+ 43. Kf2 d2 44. Rf6+ Kxe5 0-1


[Site "https://www.chess.com"]

[Event "Titled Tuesday Blitz August 22 Late 2023"]
[White "Saif, Malek"]
[Black "Baches Garcia, Guillermo"]
[WhiteFideId "8104220"]
[BlackFideId "2209764"]
[WhiteElo "2610"]
[BlackElo "2434"]
[Result "1-0"]
[Round "3"]
[TimeControl "180+1"]
[Date "2023.08.22"]
[WhiteClock "0:00:13"]
[BlackClock "0:00:00"]
[Board "105"]

1. e4 c5 2. Nf3 d6 3. d4 cxd4 4. Nxd4 Nf6 5. Nc3 Nc6 6. Be2 e5 7. Nb3 Be7 8. O-O O-O 9. f4 a5 10. Be3 a4 11. Nd2 a3 12. b3 exf4 13. Bxf4 Ne5 14. Qe1 Be6 15. Rd1 Qc7 16. Nf3 Rac8 17. Nd5 Bxd5 18. exd5 Qc5+ 19. Kh1 Nxd5 20. Bxe5 dxe5 21. Nxe5 Ne3 22. Nd7 Qg5 23. Qf2 Nxd1 24. Bxd1 Rfd8 25. Qxf7+ Kh8 26. Nb6 Rc6 27. Nc4 Rf6 28. Rxf6 Bxf6 29. Qh5 Qxh5 30. Bxh5 Bb2 31. g3 b5 32. Ne3 g6 33. Bg4 Re8 34. Nd5 Re1+ 35. Kg2 Ra1 36. Nb4 Bc3 37. Nd5 Rxa2 38. Bd1 Bg7 39. Kf3 Ra1 40. Ke2 a2 41. Nb4 Rxd1 42. Nxa2 Rh1 43. Nb4 Rxh2+ 44. Kf3 h5 45. c4 Bf8 46. Nd5 bxc4 47. bxc4 Rc2 48. Ne3 Ra2 49. Ke4 Bc5 50. Nd5 Ra3 51. Nf6 Rxg3 52. Nd7 Bf2 53. Kf4 h4 54. c5 h3 55. c6 h2 56. c7 h1=Q 57. c8=Q+ Kh7 58. Nf6+ 1-0


[Site "https://www.chess.com"]

[Event "Titled Tuesday Blitz August 22 Late 2023"]
[White "Gunduz, Umut Erdem"]
[Black "Dwilewicz, Katarzyna"]
[WhiteFideId "6381383"]
[BlackFideId "1148486"]
[WhiteElo "2610"]
[BlackElo "2428"]
[Result "1-0"]
[Round "3"]
[TimeControl "180+1"]
[Date "2023.08.22"]
[WhiteClock "0:00:17"]
[BlackClock "0:00:00"]
[Board "106"]

1. e4 c5 2. Nf3 d6 3. d4 cxd4 4. Nxd4 Nf6 5. Nc3 a6 6. f3 e5 7. Nb3 Be7 8. Be3 Be6 9. Qd2 Nbd7 10. O-O-O h5 11. Kb1 Rc8 12. Nd5 Nxd5 13. exd5 Bf5 14. Bd3 Bxd3 15. Qxd3 g6 16. Rhe1 Kf8 17. f4 Kg7 18. f5 Bg5 19. Bg1 Qf6 20. fxg6 fxg6 21. Rf1 Qe7 22. Na5 Nc5 23. Bxc5 Rxc5 24. b4 Rc7 25. c4 Re8 26. Qe4 Qd7 27. c5 dxc5 28. d6 Rcc8 29. Qxb7 Red8 30. Qd5 Bf6 31. Nb7 Rb8 32. Nxc5 Rxb4+ 33. Ka1 Rb5 34. Nxd7 Rxd5 35. Rxd5 Rxd7 36. Rc1 e4+ 37. Kb1 Rb7+ 38. Kc2 Kf7 39. Rb1 Rxb1 40. Kxb1 Ke6 41. Rd1 e3 42. d7 Bd8 43. Rd3 Bb6 44. Rxe3+ 1-0


[Site "https://www.chess.com"]

[Event "Titled Tuesday Blitz August 22 Late 2023"]
[White "Jonkman, Harmen"]
[Black "Papayan, Oleg"]
[WhiteFideId "1002708"]
[BlackFideId "4193911"]
[WhiteElo "2427"]
[BlackElo "2609"]
[Result "0-1"]
[Round "3"]
[TimeControl "180+1"]
[Date "2023.08.22"]
[WhiteClock "0:00:00"]
[BlackClock "0:01:42"]
[Board "107"]

1. e4 c5 2. c3 Nf6 3. e5 Nd5 4. Nf3 d6 5. Bc4 Nb6 6. Bb3 c4 7. Bc2 Nc6 8. exd6 Qxd6 9. b3 cxb3 10. axb3 Bg4 11. h3 Qe6+ 12. Kf1 Bh5 13. d4 Qd5 14. Nbd2 e6 15. Be4 Qd7 16. Nc4 Nd5 17. Bxd5 Qxd5 18. g4 Bg6 19. Qe2 Rd8 20. Ba3 Bxa3 21. Rxa3 O-O 22. Rg1 b5 23. Nce5 b4 24. cxb4 Be4 0-1


[Site "https://www.chess.com"]

[Event "Titled Tuesday Blitz August 22 Late 2023"]
[White "Pein, Jonathan"]
[Black "Altman, Joshua"]
[WhiteFideId "417092"]
[BlackFideId "426210"]
[WhiteElo "2427"]
[BlackElo "2607"]
[Result "1-0"]
[Round "3"]
[TimeControl "180+1"]
[Date "2023.08.22"]
[WhiteClock "0:00:20"]
[BlackClock "0:00:08"]
[Board "108"]

1. b3 d5 2. Bb2 Bg4 3. f3 Bh5 4. e4 dxe4 5. Qe2 c6 6. Nc3 exf3 7. Nxf3 Nf6 8. O-O-O e6 9. h3 Nbd7 10. g4 Bg6 11. Bg2 Qc7 12. Nh4 O-O-O 13. Kb1 Bd6 14. Nxg6 hxg6 15. Rhf1 Rhf8 16. Ne4 Nxe4 17. Qxe4 Kb8 18. Bxg7 Nc5 19. Qf3 Rg8 20. Qxf7 Rxg7 21. Qf6 Be5 22. Qf2 Bd4 23. Qe2 Rgd7 24. c3 Bg7 25. d4 Qa5 26. Rc1 Na6 27. Qxe6 Nc7 28. Qxg6 Nb5 29. Qd3 Na3+ 30. Kb2 Rxd4 31. Rf5 Rxd3 32. Rxa5 Nb5 33. Bf1 Rxc3 34. Bxb5 Re3+ 35. Ka3 cxb5 36. Rxb5 Rd2 37. Rc4 Bf8+ 38. Rcb4 Rd4 39. Rxb7+ Kc8 40. Rb8+ Kc7 41. Rxf8 Rxb4 42. Kxb4 Rxh3 43. Rf7+ Kd6 44. Rxa7 Rg3 45. Rg7 Ke5 46. a4 Kf4 47. a5 Kf3 48. a6 Kg2 49. a7 Kh2 50. Rh7+ Kg1 51. a8=Q Rg2 52. Qxg2+ Kxg2 53. g5 Kg1 54. Rc7 Kf1 55. Rc2 Ke1 56. Kc3 Kd1 57. b4 Ke1 58. b5 Kd1 1-0


[Site "https://www.chess.com"]

[Event "Titled Tuesday Blitz August 22 Late 2023"]
[White "Pinheiro, Iung Alicio de O."]
[Black "Shohat, Yotam"]
[WhiteFideId "2104350"]
[BlackFideId "2813955"]
[WhiteElo "2598"]
[BlackElo "2426"]
[Result "1/2-1/2"]
[Round "3"]
[TimeControl "180+1"]
[Date "2023.08.22"]
[WhiteClock "0:00:02"]
[BlackClock "0:00:04"]
[Board "109"]

1. e4 e5 2. f4 Bc5 3. Nf3 d6 4. c3 Nc6 5. Na3 Nf6 6. d3 h6 7. b4 Bb6 8. Nc4 exf4 9. Bxf4 d5 10. Nxb6 axb6 11. e5 Nh5 12. Bd2 Bg4 13. d4 O-O 14. Be2 f6 15. b5 fxe5 16. bxc6 e4 17. O-O exf3 18. Bxf3 Bxf3 19. Rxf3 Rxf3 20. Qxf3 Nf6 21. cxb7 Rb8 22. Rf1 Ne4 23. Qf7+ Kh8 24. Bf4 Rxb7 25. Be5 Qg8 26. Qg6 Rb8 27. Qxh6+ Qh7 28. Bxg7+ Kg8 29. Qe6+ Kxg7 30. Rf7+ Kh8 31. Rxh7+ Kxh7 32. Qf5+ Kg7 33. Qe5+ Nf6 34. Qxc7+ Nd7 35. Qxb8 Nxb8 36. Kf2 Kf6 37. Kf3 Kf5 38. g4+ Kg5 39. Kg3 Nd7 40. h4+ Kg6 41. Kf4 Kf6 42. g5+ Ke6 43. h5 b5 44. h6 Nf8 45. Kg4 Ng6 46. Kh5 Kf5 47. h7 Nh8 48. Kh6 Ng6 49. a3 Nh8 50. Kg7 Ng6 51. Kh6 Nh8 52. Kh5 Ng6 53. Kh6 1/2-1/2


[Site "https://www.chess.com"]

[Event "Titled Tuesday Blitz August 22 Late 2023"]
[White "Silva Lucena, Cristian"]
[Black "Ribeiro, Matheus Mendes Domingues"]
[WhiteFideId "2232588"]
[BlackFideId "324226923"]
[WhiteElo "2424"]
[BlackElo "2591"]
[Result "0-1"]
[Round "3"]
[TimeControl "180+1"]
[Date "2023.08.22"]
[WhiteClock "0:00:39"]
[BlackClock "0:00:23"]
[Board "110"]

1. e4 e6 2. d4 d5 3. e5 c5 4. c3 Nc6 5. Nf3 Nge7 6. a3 Nf5 7. b4 cxd4 8. cxd4 Bd7 9. Bb2 b5 10. Bxb5 Nxe5 11. Bxd7+ Nxd7 12. O-O Bd6 13. Nc3 O-O 14. Na4 Nb6 15. Nc5 Nc4 16. Bc1 Qc7 17. h3 a5 18. Bd2 axb4 19. Bxb4 Rfb8 20. Qd3 h6 21. g4 Ne7 22. g5 Ng6 23. gxh6 Nf4 24. Qc2 Nxh3+ 25. Kh1 Bxc5 26. dxc5 Qf4 27. Nh2 Qxh6 28. Qd3 Rxb4 29. c6 Rb6 30. c7 Rc6 31. Qg3 Nf4 32. Rg1 Rxc7 33. a4 Rac8 34. a5 Ne2 35. Qg5 Qxg5 36. Rxg5 Ra7 37. a6 Rca8 38. Ng4 Kf8 39. Ra2 Nf4 40. Ne3 Rxa6 41. Rc2 Nxe3 42. fxe3 Ng6 43. Rh5 Ra1+ 44. Kg2 R8a2 45. Rxa2 Rxa2+ 46. Kf3 f6 47. Rh1 Kf7 48. Rb1 Ne5+ 49. Kg3 Ra3 50. Rb7+ Kg6 51. Kf4 Nc4 52. e4 dxe4 53. Kxe4 Nd6+ 54. Kd4 Nxb7 0-1


[Site "https://www.chess.com"]

[Event "Titled Tuesday Blitz August 22 Late 2023"]
[White "Ozates, Tuna"]
[Black "Kupervaser, Erez"]
[WhiteFideId "6354521"]
[BlackFideId "2814587"]
[WhiteElo "2590"]
[BlackElo "2424"]
[Result "0-1"]
[Round "3"]
[TimeControl "180+1"]
[Date "2023.08.22"]
[WhiteClock "0:00:59"]
[BlackClock "0:01:30"]
[Board "111"]

1. e4 c5 2. Nf3 d6 3. c3 Nf6 4. Bd3 g6 5. Bc2 Bg7 6. O-O O-O 7. d4 cxd4 8. cxd4 Bg4 9. h3 Bxf3 10. Qxf3 Nc6 11. Rd1 Nd7 12. Be3 Qb6 13. Nc3 Qxb2 14. Rab1 Qxc3 15. Rxb7 Qxc2 16. Rxd7 Rab8 17. Kh2 Qa4 18. Rc7 Nxd4 19. Bxd4 Bxd4 20. Rxe7 Rb2 21. Rf1 Qxa2 22. Kg3 Rb3 0-1


[Site "https://www.chess.com"]

[Event "Titled Tuesday Blitz August 22 Late 2023"]
[White "Balla, Tamas-Kristof"]
[Black "Postlmayer, Jakob"]
[WhiteFideId "1208497"]
[BlackFideId "1643622"]
[WhiteElo "2417"]
[BlackElo "2588"]
[Result "0-1"]
[Round "3"]
[TimeControl "180+1"]
[Date "2023.08.22"]
[WhiteClock "0:00:00"]
[BlackClock "0:01:10"]
[Board "112"]

1. e4 c5 2. c3 Nf6 3. e5 Nd5 4. d4 cxd4 5. Nf3 e6 6. cxd4 d6 7. a3 Bd7 8. Bd3 Bc6 9. O-O Nd7 10. Qe2 Be7 11. Re1 O-O 12. Bd2 dxe5 13. dxe5 Qb6 14. Nc3 Qxb2 15. Nxd5 Bxd5 16. Reb1 Bxf3 17. Bxh7+ Kh8 18. gxf3 Qxe5 19. Be4 Nc5 20. Be3 Nxe4 21. fxe4 Qxe4 22. Rb5 Kg8 23. Rd1 Rfd8 24. Rc1 Rac8 25. Rxc8 Rxc8 26. Qb2 Qg4+ 27. Kh1 Qf3+ 28. Kg1 Rd8 0-1


[Site "https://www.chess.com"]

[Event "Titled Tuesday Blitz August 22 Late 2023"]
[White "Grebeniuk, Semen"]
[Black "ExchangeAB"]
[WhiteFideId "14117509"]
[WhiteElo "2587"]
[BlackElo "2416"]
[Result "0-1"]
[Round "3"]
[TimeControl "180+1"]
[Date "2023.08.22"]
[WhiteClock "0:00:00"]
[BlackClock "0:00:58"]
[Board "113"]

1. d4 Nf6 2. Nf3 c6 3. c4 d5 4. cxd5 cxd5 5. Nc3 Nc6 6. Bf4 Bf5 7. e3 e6 8. Bb5 Nd7 9. O-O Rc8 10. Rc1 a6 11. Bd3 Bxd3 12. Qxd3 Nb6 13. e4 dxe4 14. Qxe4 Be7 15. Rcd1 O-O 16. d5 exd5 17. Nxd5 Bf6 18. Qf5 Nxd5 19. Rxd5 Qb6 20. b3 Ne7 21. Qh5 Nxd5 22. Qxd5 Rfd8 23. Qf5 Qe6 24. Qa5 Rd5 25. Qa4 Qc6 26. Qe4 h6 27. h3 Rd1 28. Qxc6 Rxf1+ 29. Kxf1 Rxc6 30. Ne1 g5 31. Be3 Be5 32. Ke2 f5 33. g3 Kf7 34. Kd2 Bc3+ 35. Ke2 Bxe1 36. Kxe1 Kg6 37. Kd2 g4 38. hxg4 fxg4 39. Kd3 h5 40. a4 Kf5 41. b4 b5 42. axb5 axb5 43. Ba7 Rc4 44. Bc5 Ke5 45. Bf8 Kd5 46. Be7 Rc1 47. Kd2 Ra1 48. Ke3 Ra3+ 49. Kf4 Ke6 50. Bc5 Rc3 51. Ke4 Rc4+ 52. Kd3 Rxc5 53. bxc5 Kd5 54. Kc2 Kxc5 55. Kc3 b4+ 56. Kb3 Kb5 57. Kb2 Kc4 58. Kc2 b3+ 59. Kb2 Kb4 60. Kb1 Kc3 61. Kc1 b2+ 62. Kb1 Kb3 63. f3 gxf3 64. g4 f2 0-1


[Site "https://www.chess.com"]

[Event "Titled Tuesday Blitz August 22 Late 2023"]
[White "Delorme, Laurie"]
[Black "Leenhouts, Koen"]
[WhiteFideId "630829"]
[BlackFideId "1008439"]
[WhiteElo "2416"]
[BlackElo "2584"]
[Result "0-1"]
[Round "3"]
[TimeControl "180+1"]
[Date "2023.08.22"]
[WhiteClock "0:00:10"]
[BlackClock "0:00:08"]
[Board "114"]

1. e4 c5 2. Nf3 e6 3. d4 cxd4 4. Nxd4 Nc6 5. Nc3 Qc7 6. g4 a6 7. Be3 b5 8. Nxc6 Qxc6 9. Qd2 b4 10. Ne2 Qxe4 11. Rg1 Qc4 12. Ng3 Qc7 13. O-O-O Nf6 14. Bf4 Qa5 15. Bc4 Bb7 16. g5 Nd5 17. Rge1 Be7 18. Be5 Rc8 19. Bb3 O-O 20. Nh5 g6 21. Nf6+ Bxf6 22. gxf6 Kh8 23. Qh6 Rg8 24. Rd3 Nf4 25. Bxf4 Qf5 26. Rh3 g5 27. Be5 Be4 28. f3 Bxc2 29. Bc3 Bxb3 30. axb3 bxc3 31. bxc3 Rxc3+ 32. Kb2 Rc2+ 33. Kb1 Rxh2+ 34. Ka1 Rxh3 35. Qg7+ Rxg7 36. fxg7+ Kxg7 37. Re3 Qf6+ 38. Rc3 Rh2 39. Kb1 Qxc3 40. f4 Qb2# 0-1


[Site "https://www.chess.com"]

[Event "Titled Tuesday Blitz August 22 Late 2023"]
[White "Martinez Reyes, Pedro Ramon"]
[Black "sebastianmarinp"]
[WhiteFideId "3901807"]
[WhiteElo "2584"]
[BlackElo "2410"]
[Result "1-0"]
[Round "3"]
[TimeControl "180+1"]
[Date "2023.08.22"]
[WhiteClock "0:00:41"]
[BlackClock "0:00:00"]
[Board "115"]

1. d4 d5 2. c4 c6 3. Nf3 Nf6 4. e3 e6 5. Nc3 Nbd7 6. Bd3 dxc4 7. Bxc4 b5 8. Bd3 Bb7 9. a3 a6 10. b4 a5 11. Rb1 axb4 12. axb4 Bd6 13. O-O Qe7 14. Bd2 e5 15. dxe5 Nxe5 16. Nxe5 Qxe5 17. f4 Qe7 18. e4 Bxb4 19. Kh1 Bc5 20. e5 Nd7 21. Qc2 g6 22. Ne4 O-O 23. Rbe1 Bd4 24. Nd6 Nc5 25. Be2 Ne6 26. f5 Bxe5 27. Nxb7 Nd4 28. Qe4 Rfe8 29. fxg6 hxg6 30. Bc3 Qc7 31. Bxd4 1-0


[Site "https://www.chess.com"]

[Event "Titled Tuesday Blitz August 22 Late 2023"]
[White "Jorajuria Mendoza, Algol"]
[Black "Rosen, Eric"]
[WhiteFideId "5128897"]
[BlackFideId "2032562"]
[WhiteElo "2407"]
[BlackElo "2581"]
[Result "0-1"]
[Round "3"]
[TimeControl "180+1"]
[Date "2023.08.22"]
[WhiteClock "0:00:03"]
[BlackClock "0:00:06"]
[Board "116"]

1. e4 c5 2. Nf3 Nc6 3. Bb5 e6 4. Bxc6 bxc6 5. d3 Ne7 6. b3 f6 7. e5 Ng6 8. Bb2 Be7 9. Nbd2 O-O 10. O-O fxe5 11. Nxe5 Nxe5 12. Bxe5 d6 13. Bg3 e5 14. Nc4 Bf6 15. a4 Be6 16. Qd2 Bg5 17. Qe2 Qd7 18. Rae1 Rae8 19. h3 g6 20. c3 Rf7 21. d4 cxd4 22. cxd4 Bxc4 23. bxc4 e4 24. d5 c5 25. Qc2 Qf5 26. Rb1 Bf4 27. Bxf4 Qxf4 28. Qe2 h5 29. Qe3 g5 30. a5 Kg7 31. a6 Kg6 32. Rb7 Ree7 33. Rfb1 Qf5 34. Rxe7 Rxe7 35. Rb7 Rf7 36. Kh2 Qe5+ 37. Kg1 h4 38. g3 Qf5 39. Kg2 Qf6 40. Rxf7 Kxf7 41. Qxe4 hxg3 42. Qf3 gxf2 43. Kxf2 Kg6 44. Qxf6+ Kxf6 45. Ke3 Kf5 46. Kf3 Kf6 47. Kg4 Kg6 48. Kg3 Kh5 49. Kh2 Kh4 50. Kg2 g4 51. hxg4 Kxg4 52. Kf2 Kf4 0-1


[Site "https://www.chess.com"]